 Dungeon Crawl Stone Soup version bcrawl-1.36.4 (webtiles) character file.

Game seed: 7338292513916496296

118699 Darthill6464 the Charmwright (level 3, -7/21 HPs)
             Began as a Skeleton Skald on Aug 10, 2022.
             Mangled by Sigmund
             ... wielding a +0 scythe
              (10 damage)
             ... on level 2 of the Dungeon.
             The game lasted 00:01:39 (1365 turns).

Darthill6464 the Charmwright (Skeleton Skald)       Turns: 1365, Time: 00:01:40

Health: -7/21      AC:  3    Str: 17 (18) XL:     3   Next: 51%
Magic:  0/7        EV: 12    Int: 11      God:
Gold:   131        SH: 10    Dex:  8      Spells: 5/8 levels left

rFire    . . .     SeeInvis .   a - +0 flail
rCold    + . .     Gourm    .   (no shield)
rNeg     + + +     Faith    .   b - +0 leather armour
rPois    ∞         Spirit   +   (no helmet)
rElec    .         Reflect  .   (no cloak)
rCorr    .                      (no gloves)
MR       .....                  (no boots)
Stlth    +.........             d - amulet of magic regeneration
HPRegen  0.07/turn              (no ring)
MPRegen  0.18/turn              (no ring)

@: singing
A: no food or potions, cold resistance 1, deterioration 1, negative energy
resistance 3, torment resistance, unbreathing, magic shield, sturdy frame 1,
spell healing
a: no special abilities


You were on level 2 of the Dungeon.
You were not hungry.

You visited 1 branch of the dungeon, and saw 2 of its levels.

You collected 131 gold pieces.

Inventory:

Hand Weapons
 a - a +0 flail (weapon)
Armour
 b - a +0 leather armour (worn)
Jewellery
 d - an amulet of magic regeneration (around neck)
 g - a cursed amulet of inaccuracy {unknown}
Scrolls
 c - a scroll of noise {unknown}
 e - a scroll of fear
 f - a scroll of teleportation {unknown}
 h - a scroll of fog {unknown}
 i - a scroll of amnesia {unknown}


   Skills:
 + Level 2.1 Fighting
 + Level 3.0 Maces & Flails
 + Level 1.1 Armour
 + Level 2.0 Dodging
 + Level 1.0 Stealth
 + Level 3.3 Spellcasting
 + Level 4.3 Charms


You had 5 spell levels left.
You knew the following spells:

 Your Spells              Type           Power        Failure   Level  Hunger
a - Infusion              Chrm           ##......     4%          1    N/A
b - Song of Slaying       Chrm           ##......     7%          2    N/A

Your spell library contained the following spells:

 Spells                   Type           Power        Failure   Level  Hunger
 Swiftness                Chrm/Air       #.......     17%         2    N/A
 Ozocubu's Armour         Chrm/Ice       #.......     32%         3    N/A
 Spectral Weapon          Hex/Chrm       #.......     32%         3    N/A
 Regeneration             Chrm/Necr      Unusable     N/A         3    N/A

Dungeon Overview and Level Annotations

Branches:
Dungeon (2/12)

Altars:

Annotations:
D:2 Sigmund


Innate Abilities, Weirdness & Mutations

You do not eat or drink.
You are immune to poison.
Your flesh is cold resistant. (rC+)
Your body sometimes deteriorates upon taking damage.
You are immune to negative energy. (rN+++)
You are immune to unholy pain and torment.
You can survive without breathing.
When hurt, damage is shared between your health and your magic reserves.
Your movements are slightly less encumbered by armour. (ER -2)
Casting spells heals you.


Message History

You sock the giant cockroach!
You kill the giant cockroach!
Your magical infusion is running out.
You hear an angry hiss.
A frilled lizard comes into view.
A magic dart appears from out of thin air!
The magic dart hits you!
You are no longer magically infusing your attacks.
You closely miss the frilled lizard.
A puff of flame appears from out of thin air!
The puff of flame hits you!
* * * LOW HITPOINT WARNING * * *
Your body deteriorates!
You feel weakened. The frilled lizard barely misses you.
You closely miss the frilled lizard. You block the frilled lizard's attack.
The frilled lizard closely misses you.
You sock the frilled lizard!
You kill the frilled lizard!
Something hits you!
You die...

..8 .. .. ##. #..
#.# .# #.# . #@# #.
##.### #. #. #....#
... #. ##....###..#
#.####.....##...# .#
#..##[.....#....#
...
#.##.#.........####
##.
#....#....#...≈....
....
###!........#..≈..##
###.


There were no monsters in sight!

Vanquished Creatures
  2 oozes (D:1)
  A dart slug (D:2)
  A leopard gecko (D:2)
  An orc (D:2)
  A giant cockroach (D:2)
  4 goblins
  3 hobgoblins
  2 jackals (D:1)
  6 bats
  6 frilled lizards
  6 kobolds
  5 rats
38 creatures vanquished.

Notes
Turn   | Place    | Note
-------+----------+-------------------------------------------
     0 | D:1      | Darthill6464 the Skeleton Skald began the quest for the
                  | Orb.
     0 | D:1      | Reached XP level 1. HP: 12/12 MP: 4/4
   290 | D:1      | Reached XP level 2. HP: 10/17 MP: 1/6
   294 | D:1      | Learned a level 2 spell: Song of Slaying
   401 | D:1      | Reached skill level 1 in Stealth
   429 | D:1      | Reached skill level 4 in Charms
   884 | D:1      | Reached XP level 3. HP: 18/21 MP: 5/7
  1345 | D:2      | Noticed Sigmund
  1365 | D:2      | Mangled by Sigmund

Skill      XL: |  1  2  3 |
---------------+----------+-----
Stealth        | 1 |  1.0
Charms         | 4 |  4.3
Maces & Flails | 3 |  3.0
Fighting       | |  2.1
Armour         | |  1.1
Dodging        | |  2.0
Spellcasting   | |  3.3

Action                   || total
-------------------------++-------
Melee: Flail             ||    95
 Cast: Infusion          ||    15
       Song of Slaying   ||     9
Armor: Leather armour    ||    22
Dodge: Dodged            ||    58
Block: Other             ||     4
